cohdb
Replays
Latest Replays
All Replays
Popular Replays
Top Player Replays
Match Explorer
How It Works
Community
CoH3 Stats
Reddit
Sign in to upload your games and track your stats! →
Sign in with Steam
Match 43421676
Unlisted
Match 43421676
Overview
Messages
Build Orders
End
Kradschützen Motorcycle Team
Panzergrenadier Squad
Panzergrenadier Squad
Construct Light Support Kompanie
Fire Support Elements
MG34 Team
Flakvierling Half-track
Assault Mechanized Group
Pak 38 Anti-tank Gun Team
Construct Panzerarmee Kommand
Panzerjäger Mechanized Group
Selects Italian Infantry
Selects Italian Infantry
Selects Guastatori Squad
Selects Registered Artillery
Registered Artillery
Selects Towed Cannone da 105/28 Field Howitzer
Towed Cannone da 105/28 Field Howitzer
Registered Artillery
Panzer III L Medium Tank
Selects Defensive Operations
Selects Territory Booby Traps
Brother
deez
0
0
Comments
sign in to comment!
No comments posted yet!